Map: [ESL] Moondance

Players

Astrea - Winner!

  • Race: Protoss Protoss
  • Spawn Location: 12:00

MeomaikA

  • Race: Zerg Zerg
  • Spawn Location: 6:00

Event: DreamHack SC2 Masters 2022 Valencia

VOD

Have the link to the VOD?

Description

Time

  • Played on: July 2, 2022, 5:54 a.m.
  • Length: 14:10

All games in this series

Show
View Real Time Build Order
Export as new Build Order

Astrea Protoss - Winner!

Build Orders: Mass Adepts 

Get SALT Encoding   

  12  0:00  Probe  
  13  0:12  Probe  
  14  0:18  Pylon  
  14  0:24  Probe (Chrono Boost)  
  15  0:37  Probe (Chrono Boost)  
  15  0:40  Gateway  
  16  0:45  Probe (Chrono Boost)  
  16  0:47  Assimilator  
  17  0:51  Probe  
  18  1:03  Probe  
  19  1:15  Probe  
  20  1:21  Pylon  
  20  1:25  Zealot (Chrono Boost)  
  20  1:27  Probe  
  20  1:28  Cybernetics Core  
  24  1:44  Zealot  
  24  1:56  Nexus  
  24  2:02  Probe  
  24  2:04  Warp Gate  
  25  2:09  Adept (Chrono Boost)  
  25  2:14  Probe  
  28  2:16  Assimilator  
  28  2:23  Pylon  
  28  2:26  Probe  
  31  2:41  Probe  
  32  2:45  Gateway  
  32  2:53  Probe  
  32  2:55  Gateway  
  31  3:00  Stalker  
  34  3:06  Probe (Chrono Boost)  
  34  3:09  Probe (Chrono Boost)  
  35  3:18  Probe (Chrono Boost)  
  36  3:21  Twilight Council  
  36  3:24  Probe (Chrono Boost)  
  36  3:26  Probe (Chrono Boost)  
  38  3:29  Probe (Chrono Boost)  
  38  3:34  Probe  
  39  3:39  Probe  
  41  3:46  Pylon, Probe  
  42  3:51  Probe  
  43  3:56  Adept x2  
  43  3:58  Adept, Probe  
  43  3:59  Resonating Glaives (Chrono Boost)  
  50  4:03  Probe  
  51  4:10  Probe  
  51  4:11  Pylon  
  51  4:15  Probe  
  47  4:20  Adept x2  
  47  4:22  Probe  
  52  4:25  Adept  
  52  4:28  Probe  
  55  4:34  Probe  
  55  4:35  Assimilator  
  55  4:36  Assimilator  
  56  4:40  Adept x2, Probe  
  61  4:46  Probe, Adept  
  65  4:59  Shield Battery  
  63  5:02  Dark Shrine  
  63  5:04  Adept x2  
  62  5:07  Shield Battery  
  62  5:10  Adept  
  64  5:15  Shield Battery  
  60  5:26  Adept x2  
  57  5:29  Probe  
  57  5:31  Probe  
  57  5:33  Adept  
  54  5:42  Probe (Chrono Boost)  
  53  5:43  Probe (Chrono Boost)  
  54  5:52  Sentry  
  54  5:55  Probe (Chrono Boost)  
  58  5:58  Probe (Chrono Boost)  
  58  6:01  Probe (Chrono Boost)  
  57  6:05  Probe  
  57  6:06  Adept x2  
  57  6:09  Probe  
  57  6:10  Pylon  
  63  6:15  Dark Templar  
  63  6:17  Probe, Phoenix  
  66  6:21  Probe  
  67  6:26  Nexus  
  67  6:29  Probe  
  67  6:31  Dark Templar  
  70  6:38  Adept  
  72  6:41  Pylon  
  72  6:45  Probe x2  
  74  6:57  Probe x2  
  74  7:09  Probe  
  74  7:10  Probe  
  74  7:11  Stargate  
  74  7:15  Stargate  
  74  7:19  Adept x3, Assimilator  
  74  7:21  Pylon, Probe  
  74  7:22  Forge  
  81  7:29  Probe  
  82  7:34  Probe  
  83  7:37  Pylon  
  83  7:39  Probe  
  83  7:41  Probe  
  85  7:47  Probe  
  85  7:49  Robotics Facility  
  85  7:51  Probe  
  87  7:55  Phoenix (Chrono Boost)  
  89  7:59  Phoenix (Chrono Boost)  
  89  8:03  Adept  
  89  8:04  Adept x2  
  97  8:09  Pylon  
  97  8:11  Phoenix (Chrono Boost)  
  95  8:20  Phoenix (Chrono Boost)  
  95  8:24  Nexus  
  99  8:37  Photon Cannon  
  99  8:42  Adept x3  
  103  8:49  Probe  
  103  8:50  Void Ray x2 (Chrono Boost)  
  101  9:02  Adept  
  101  9:03  Adept  
  101  9:05  Protoss Ground Weapons Level 1  
  100  9:12  Dark Templar  
  103  9:24  Dark Templar x2  
  103  9:25  Probe x2  
  103  9:37  Probe  
  90  9:42  Probe  
  90  9:43  Probe  
  90  9:44  Probe  
  85  9:49  Probe  
  84  9:54  Probe  
  84  9:56  Probe x2  
  85  10:01  Probe  
  85  10:06  Probe  
  84  10:08  Probe  
  85  10:14  Probe  
  85  10:15  Pylon  
  85  10:20  Probe  
  83  10:21  Dark Templar  
  83  10:28  Probe  
  85  10:29  Probe  
  84  10:41  Probe (Chrono Boost)  
  79  10:44  Probe x2 (Chrono Boost)  
  79  10:45  Probe (Chrono Boost)  
  79  10:50  Phoenix  
  79  10:53  Probe (Chrono Boost)  
  79  10:56  Probe x2 (Chrono Boost)  
  82  11:01  Probe (Chrono Boost)  
  82  11:02  Probe (Chrono Boost)  
  82  11:03  Probe x2 (Chrono Boost)  
  84  11:07  Pylon  
  84  11:08  Probe x2  
  84  11:11  Probe x2  
  86  11:16  Cybernetics Core  
  88  11:20  Probe (Chrono Boost)  
  88  11:21  Probe (Chrono Boost)  
  88  11:22  Robotics Bay  
  88  11:23  Probe (Chrono Boost), Phoenix  
  88  11:24  Void Ray, Probe (Chrono Boost)  
  94  11:31  Probe (Chrono Boost)  
  94  11:32  Protoss Ground Weapons Level 2 (Chrono Boost)  
  95  11:34  Probe (Chrono Boost)  
  95  11:35  Probe (Chrono Boost)  
  95  11:39  Photon Cannon  
  97  11:40  Archon  
  97  11:48  Phoenix  
  97  11:58  Sentry, Adept x2  
  99  12:06  Probe x3  
  102  12:09  Disruptor (Chrono Boost), Shield Battery  
  102  12:10  Shield Battery  
  102  12:12  Pylon  
  102  12:14  Probe  
  106  12:18  Probe, Gateway  
  106  12:19  Adept x2, Gateway  
  106  12:21  Gateway  
  111  12:31  Photon Cannon  
  111  12:32  Photon Cannon  
  111  12:33  Shield Battery  
  111  12:36  Photon Cannon  
  111  12:39  Disruptor (Chrono Boost)  
  111  12:41  Dark Templar, Zealot x2  
  120  12:45  Photon Cannon  
  120  12:47  Pylon, Archon  
  120  13:02  Disruptor (Chrono Boost)  
  120  13:04  Zealot x2  
  123  13:15  Adept x4  
  121  13:22  Probe x4  
  123  13:27  Adept x2  
  123  13:31  Gateway  
  123  13:33  Gateway  
  130  13:35  Gateway  
  130  13:36  Pylon  
  130  13:40  Adept x4  
  138  13:43  Nexus  
  138  13:47  Probe x4  
  141  13:49  Pylon  
  121  14:04  Adept x6  
Show
View Real Time Build Order
Export as new Build Order

MeomaikA Zerg 

Build Orders: Pool First 

Get SALT Encoding   

  12  0:17  Spawning Pool  
  11  0:22  Drone  
  11  0:26  Drone  
  13  0:30  Drone  
  14  0:39  Overlord  
  14  1:04  Queen, Zergling x4  
  14  1:05  Zergling x2  
  19  1:15  Drone  
  20  1:27  Drone  
  21  1:36  Hatchery  
  21  1:38  Drone  
  21  1:42  Extractor  
  20  1:48  Overlord  
  20  1:55  Queen  
  22  2:07  Drone  
  23  2:10  Drone  
  23  2:12  Drone  
  23  2:13  Drone  
  26  2:17  Drone  
  27  2:25  Drone  
  28  2:33  Drone  
  29  2:43  Metabolic Boost, Drone  
  30  2:45  Overlord  
  30  2:47  Overlord  
  30  2:49  Drone  
  31  2:55  Drone  
  31  2:56  Drone  
  33  3:01  Drone  
  34  3:07  Overlord  
  34  3:09  Drone  
  35  3:15  Drone x3  
  38  3:22  Roach Warren  
  38  3:24  Drone  
  38  3:27  Drone  
  38  3:29  Drone  
  40  3:34  Drone x2  
  40  3:35  Extractor  
  40  3:36  Drone  
  40  3:40  Zergling x2  
  40  3:41  Zergling x2  
  44  3:44  Zergling x4  
  46  3:48  Overlord  
  46  3:56  Overlord  
  46  4:09  Roach x5  
  56  4:13  Zergling x6  
  57  4:18  Zergling x4  
  57  4:22  Zergling x2  
  57  4:23  Zergling x4  
  62  4:26  Overlord  
  62  4:28  Zergling x2  
  63  4:35  Ravager  
  63  4:36  Ravager x2  
  63  4:37  Zergling x2  
  67  4:41  Overlord  
  67  4:50  Hatchery  
  66  4:53  Zergling x8  
  66  4:55  Overlord  
  66  4:59  Roach  
  72  5:00  Zergling x2  
  72  5:03  Zergling x2  
  72  5:05  Ravager x2  
  75  5:09  Zergling x4  
  74  5:16  Zergling x4  
  74  5:19  Zergling x2  
  74  5:20  Zergling x2  
  74  5:21  Zergling x2  
  70  5:31  Zergling x2  
  70  5:32  Zergling x2  
  70  5:33  Zergling x2  
  70  5:34  Zergling x4  
  66  5:36  Lair  
  66  5:37  Drone  
  66  5:40  Drone  
  60  5:47  Roach  
  60  5:49  Roach  
  59  5:58  Drone  
  59  6:00  Queen  
  59  6:02  Drone x2  
  61  6:06  Drone x2  
  61  6:07  Drone  
  64  6:12  Drone x2  
  64  6:13  Drone  
  67  6:18  Hatchery  
  67  6:19  Drone  
  67  6:24  Roach x2  
  69  6:30  Drone x3  
  69  6:31  Overlord  
  72  6:34  Overlord  
  72  6:35  Drone x2  
  72  6:36  Drone  
  72  6:39  Glial Reconstitution  
  75  6:43  Evolution Chamber, Drone  
  75  6:44  Drone  
  76  6:47  Extractor  
  76  6:48  Drone  
  76  6:49  Overseer  
  76  6:51  Overseer  
  72  6:57  Roach x2  
  72  6:59  Roach  
  72  7:00  Zergling x2  
  77  7:05  Zergling x6  
  77  7:07  Zergling x2  
  78  7:08  Zergling x2  
  78  7:10  Zergling x2  
  76  7:18  Drone x3  
  79  7:23  Roach  
  79  7:24  Roach  
  79  7:26  Roach  
  85  7:30  Roach  
  85  7:31  Roach  
  85  7:36  Roach, Zerg Missile Weapons Level 1  
  91  7:39  Roach  
  91  7:40  Drone  
  91  7:43  Drone  
  91  7:44  Drone  
  95  7:45  Drone  
  95  7:47  Roach  
  98  7:51  Roach x2  
  98  7:55  Roach  
  98  7:56  Overlord  
  103  8:00  Roach  
  103  8:02  Roach  
  103  8:04  Roach  
  109  8:07  Roach  
  109  8:08  Overlord  
  111  8:14  Roach  
  111  8:15  Roach x2  
  111  8:18  Roach  
  119  8:20  Roach  
  119  8:22  Roach  
  119  8:26  Roach x2  
  127  8:28  Roach  
  129  8:34  Roach  
  129  8:35  Roach  
  133  8:42  Roach  
  133  8:43  Roach  
  135  8:53  Roach  
  135  8:55  Roach  
  133  8:59  Roach x2  
  133  9:01  Roach  
  134  9:02  Roach  
  134  9:07  Roach  
  134  9:08  Roach  
  135  9:11  Zergling x2  
  135  9:12  Overlord x2  
  136  9:19  Overlord x2, Overseer  
  130  9:29  Overlord x2  
  130  9:31  Queen x3  
  114  9:34  Roach  
  114  9:37  Roach x2  
  114  9:38  Zergling x8  
  117  9:39  Drone  
  117  9:42  Drone  
  117  9:43  Drone x2  
  113  9:47  Drone x2  
  113  9:48  Ravager, Drone  
  113  9:50  Drone  
  109  9:54  Drone  
  109  9:57  Drone  
  109  9:58  Roach  
  109  9:59  Roach  
  106  10:03  Roach x2, Drone  
  104  10:09  Drone  
  104  10:11  Hydralisk Den  
  104  10:12  Drone, Extractor  
  102  10:15  Drone x2  
  102  10:20  Overseer  
  104  10:22  Extractor, Drone  
  97  10:42  Hydralisk x5  
  92  10:43  Queen x2  
  92  10:44  Queen, Zergling x4  
  92  10:45  Zergling x2  
  92  10:49  Zergling x2  
  103  10:50  Zergling x4  
  103  10:51  Zergling x4  
  103  10:56  Zergling x4  
  102  10:57  Zergling x4  
  102  10:59  Muscular Augments  
  102  11:01  Zergling x2  
  102  11:02  Zergling x2  
  102  11:03  Zergling x2  
  101  11:04  Zergling x2  
  101  11:10  Zergling x4, Hydralisk  
  106  11:12  Hydralisk  
  106  11:13  Overseer  
  106  11:17  Spore Crawler  
  107  11:20  Hydralisk  
  107  11:22  Hydralisk  
  111  11:27  Hydralisk x2  
  111  11:29  Spore Crawler  
  111  11:32  Zerg Missile Weapons Level 2  
  112  11:42  Drone x2  
  112  11:43  Drone x5  
  112  11:46  Extractor  
  118  11:47  Overlord  
  118  11:52  Hydralisk x2  
  115  11:58  Hydralisk x2  
  115  11:59  Zergling x2  
  114  12:03  Hydralisk x2  
  114  12:06  Hydralisk  
  115  12:08  Zergling x2  
  115  12:11  Grooved Spines, Drone x2  
  115  12:12  Drone  
  115  12:14  Hydralisk  
  121  12:16  Hydralisk  
  121  12:18  Hydralisk  
  121  12:21  Zergling x4  
  127  12:25  Overlord  
  127  12:28  Hydralisk x2  
  131  12:30  Hydralisk  
  131  12:32  Overlord  
  131  12:35  Overlord  
  133  12:37  Hydralisk  
  133  12:41  Overlord  
  133  12:42  Overlord  
  135  12:49  Roach x3  
  135  12:50  Roach  
  135  12:51  Roach  
  145  12:52  Roach  
  145  12:54  Roach  
  145  12:57  Hydralisk  
  145  12:58  Zergling x2  
  146  13:00  Zergling x6  
  146  13:01  Zergling x2  
  144  13:05  Zergling x2  
  144  13:06  Zergling x4  
  144  13:07  Zergling x4  
  144  13:09  Hydralisk, Overseer  
  144  13:10  Zergling x2  
  144  13:12  Zergling x2  
  143  13:13  Zergling x4  
  143  13:15  Zergling x2  
  143  13:16  Zergling x2  
  143  13:17  Zergling x2  
  143  13:19  Hydralisk  
  124  13:24  Roach x2  
  118  13:27  Roach, Hydralisk  
  118  13:29  Hydralisk  
  118  13:32  Hydralisk  
  118  13:33  Hydralisk  
  124  13:37  Hydralisk  
  124  13:38  Hydralisk  
  133  13:50  Zergling x4  
  133  13:51  Zergling x4  
  133  13:52  Zergling x2  
  133  13:53  Zergling x2  

Tags
 
Add a new tag
Caveats
  • Supply blocks, unpowered buildings, or Contaminate may cause inaccurate times.
  • Supply counts are checked every 10 seconds.